 Dungeon Crawl Stone Soup version 0.20.1-1-g8b1a95d (webtiles) character file.

120 Ladhar the Shield-Bearer (level 4, -1/40 HPs)
             Began as a Minotaur Fighter on Oct 24, 2017.
             Killed from afar by Ijyb (14 damage)
             ... with a wand of lightning (?/15)
             ... on level 3 of the Dungeon.
             The game lasted 00:07:59 (2003 turns).

Ladhar the Shield-Bearer (Minotaur Fighter)         Turns: 2003, Time: 00:08:00

Health: -1/40      AC:  8    Str: 22    XL:     4   Next: 75%
Magic:  3/3        EV:  8    Int:  5    God:
Gold:   87         SH:  9    Dex:  9    Spells: 3/3 levels left

rFire    . . .     SeeInvis .   a - +0 war axe
rCold    . . .     Gourm    .   c - +0 shield
rNeg     . . .     Faith    .   b - +0 scale mail
rPois    .         Spirit   .   (helmet restricted)
rElec    .         Reflect  .   (no cloak)
rCorr    .         Harm     .   (no gloves)
MR       .....                  k - +0 pair of boots
Stlth    ..........             (no amulet)
Regen    0.2/turn               (no ring)
MPRegen  0.1/turn               (no ring)

@: no status effects
A: retaliatory headbutt, horns 2
a: no special abilities


You were on level 3 of the Dungeon.
You were not hungry.

You visited 1 branch of the dungeon, and saw 3 of its levels.

You collected 87 gold pieces.

Inventory:

Hand Weapons
 a - a +0 war axe (weapon)
Armour
 b - a +0 scale mail (worn)
 c - a +0 shield (worn)
 k - a +0 pair of boots (worn)
Scrolls
 e - a scroll of teleportation {unknown}
 g - 3 scrolls of remove curse {unknown}
 i - 2 scrolls of identify
 o - 2 scrolls of amnesia {unknown}
 q - a scroll of random uselessness {unknown}
 s - a scroll of blinking {unknown}
 t - a scroll of magic mapping {unknown}
 w - a scroll of recharging {unknown}
Potions
 d - a potion of might
 h - 2 potions of lignification
 l - a potion of ambrosia
 m - a potion of mutation {unknown}
 u - a potion of heal wounds {unknown}
 v - a potion of curing {unknown}
Comestibles
 f - 4 bread rations
 j - 2 royal jellies
 n - a meat ration
 p - 2 fruits
 r - 3 chunks of flesh


   Skills:
 + Level 4.2 Fighting
 + Level 3.6 Axes
 + Level 4.3 Armour
 + Level 1.3 Dodging
 + Level 4.7 Shields


You had 3 spell levels left.
You didn't know any spells.

Dungeon Overview and Level Annotations

Branches:
Dungeon (3/15)

Altars:
Qazlal
Zin
The Shining One

Shops:
D:2 *

Annotations:
D:3 Ijyb


Innate Abilities, Weirdness & Mutations

You reflexively headbutt those who attack you in melee.
You have a pair of horns on your head.


Message History

Ijyb the Twisted Goblin comes into view.
Ijyb shouts!
Ijyb is nearby!
Ijyb screams, "You nasty!
Big nasty!"
You barely miss Ijyb. Your headbutt misses Ijyb. You block Ijyb's attack.
You closely miss Ijyb. Ijyb screams, "I no like you!"
Ijyb zaps a wand.
The bolt of lightning misses you. x2
It is a wand of lightning (?/15).
You hit Ijyb.
Ijyb is lightly wounded.
Ijyb hits you but does no damage. x2
You hit Ijyb.
Ijyb is moderately wounded.
Ijyb zaps a wand.
The bolt of lightning hits you! x2
You are too injured to fight recklessly!
Ijyb hits you.
Some of the chunks of flesh in your inventory have rotted away.
Ijyb zaps a wand.
The bolt of lightning hits you!
You die...

#######..†##...#.# #.....
#.........##...#.####.....
#.........##...#...##.....
#.........##.......##.....
..........#........%(.(...
......###.#..##...#÷#..(..
...... #g#..##...#.#.....
..... #.....#...#.#.....
..... #@..........#.#..(
.... #.......#####.#... #
#................(
#..>..............
#+#....######..... ....+
........# ....# ###......
.#### ......... .........


You could see Ijyb.

Vanquished Creatures
  2 adders (D:2)
  3 gnolls (D:2)
  A dart slug (D:2)
  4 leopard geckos
  An orc (D:3)
  7 bats
  6 giant cockroaches
  5 goblins
  7 hobgoblins
  6 jackals
  8 kobolds
  A quokka (D:2)
  A ball python (D:2)
  4 frilled lizards
  9 rats
65 creatures vanquished.

Notes
Turn   | Place    | Note
-------+----------+-------------------------------------------
     0 | D:1      | Ladhar the Minotaur Fighter began the quest for the Orb.
     0 | D:1      | Reached XP level 1. HP: 19/19 MP: 0/0
   148 | D:1      | Reached XP level 2. HP: 24/27 MP: 1/1
   340 | D:1      | You fall through a shaft!
   801 | D:2      | Reached XP level 3. HP: 30/33 MP: 2/2
   839 | D:2      | Found a glowing golden altar of the Shining One.
   907 | D:2      | Found a stormy altar of Qazlal.
   913 | D:2      | Found a glowing silver altar of Zin.
   915 | D:2      | Found Zin's Purification Station.
  1080 | D:2      | Reached skill level 1 in Dodging
  1080 | D:2      | Reached XP level 4. HP: 40/40 MP: 3/3
  1989 | D:3      | Noticed Ijyb
  2003 | D:3      | Killed from afar by Ijyb

Skill      XL: |  1  2  3 |
---------------+----------+-----
Shields        | 4 |  4.7
Fighting       | 4 |  4.2
Armour         | 4 |  4.3
Axes           | 3 |  3.6
Dodging        | 1 |  1.3

Action                   |  1- 3 |  4- 6 || total
-------------------------+-------+-------++-------
Melee: War axe           |    93 |    65 ||   158
       Headbutt          |    18 |     4 ||    22
  Use: Scroll            |       |     2 ||     2
  Eat: Chunk             |     1 |     3 ||     4
Armor: Scale mail        |    41 |    30 ||    71
Dodge: Dodged            |    33 |    42 ||    75
Block: Shield            |    53 |    40 ||    93
